AoeStats
← La Cobra

Lombardia

509156008Analyzed
2v2 RM · 6d ago on Sep 25, 2026· 19m 11s· 4 players
Game mode
Random Map
Map size
Medium (4 player)
Population
200
Speed
Normal
Resources
Standard
Victory
Conquest
Starting age
Dark Age
Ending age
Imperial Age
RankedLock teamsTeams togetherTeam positionsShared explorationLock speedFull tech treeHidden civsTurbo modeCheats
Victory
Defeat
🇩🇪 Saracens · Germany
1203
+14
🇩🇪 Ethiopians · Germany
1203
+14
🇲🇽 Danes · Mexico
1186
-15
🇨🇱 Tatars · Chile
1138
-13
PepePepino
7:21 Loom
10:29 Feudal Age
La Cobra
8:48 Loom
11:16 Feudal Age
flo_aoe2
6:16 Loom
8:53 Feudal Age
12:06 Double-Bit Axe
13:05 Horse Collar
16:35 Wheelbarrow
19:55 Castle Age
Rubenbauer
7:50 Loom
10:02 Feudal Age
13:46 Double-Bit Axe
14:46 Fletching
16:18 Horse Collar
Connection lost

Rejoining the realm…

Still unreachable

The connection could not be restored.

Session expired

The server has moved on; the page needs a fresh start.